 Dungeon Crawl Stone Soup version 0.22-a0-374-g5dfd9e3 (webtiles) character file.

77 mhoghedin the Ducker (level 4, -10/22 HPs)
             Began as a Spriggan Artificer on Apr 26, 2018.
             Killed themself with a badly aimed fireball (15 damage)
             ... on level 2 of the Dungeon.
             The game lasted 00:04:12 (2979 turns).

mhoghedin the Ducker (Spriggan Artificer)           Turns: 2979, Time: 00:04:14

Health: -10/22     AC:  2    Str:  9    XL:     4   Next: 13%
Magic:  8/8        EV: 19    Int: 12    God:
Gold:   104        SH:  0    Dex: 16    Spells: 3/3 levels left

rFire    . . .     SeeInvis +   a - +0 short sword
rCold    + . .     Gourm    .   (shield restricted)
rNeg     . . .     Faith    +   b - +0 robe
rPois    .         Spirit   .   (helmet restricted)
rElec    .         Reflect  .   (no cloak)
rCorr    .         Harm     .   (gloves unavailable)
MR       .....                  (boots unavailable)
Stlth    +++.......             j - amulet of faith {Faith, !P}
HPRegen  0.07/turn              o - ring of protection from cold {rC+, !d}
MPRegen  0.11/turn              (no ring)

@: very quick
A: very small, unfitting armour, see invisible, herbivore, speed 3, slow
metabolism 2
a: no special abilities


You were on level 2 of the Dungeon.
You were not hungry.

You visited 1 branch of the dungeon, and saw 2 of its levels.

You collected 104 gold pieces.

Inventory:

Hand Weapons
 a - a +0 short sword (weapon)
 h - a +0 dagger
   (You took it off a goblin on level 1 of the Dungeon)
Armour
 b - a +0 robe (worn)
Jewellery
 j - an amulet of faith (around neck) {Faith, !P}
   (You took it off a kobold on level 2 of the Dungeon)
 o - a ring of protection from cold (left hand) {rC+, !d}
   (You found it on level 2 of the Dungeon)
Wands
 d - a wand of enslavement (15)
 e - a wand of random effects (9)
Scrolls
 k - a scroll of amnesia
 n - a scroll of teleportation {unknown}
Potions
 c - a potion of haste {unknown}
 g - a potion of resistance {unknown}
 i - 2 potions of might {unknown}
 l - a potion of cancellation {unknown}
 m - a potion of flight {unknown}
 p - a potion of curing {unknown}
Comestibles
 f - 2 rations


   Skills:
 + Level 1.6 Fighting
 + Level 2.2 Short Blades
 + Level 4.1 Dodging
 + Level 3.5 Stealth
 - Level 4.0 Evocations


You had 3 spell levels left.
You didn't know any spells.

Dungeon Overview and Level Annotations

Branches:
Dungeon (2/15)

Altars:


Innate Abilities, Weirdness & Mutations

You are very small and have problems with some larger weapons.
You are too small for most types of armour.
You have supernaturally acute eyesight. (SInv)
You are a herbivore.
You cover ground extremely quickly.
You need to consume almost no food.


Message History

Ouch! That really hurt!
* * * LOW HITPOINT WARNING * * *
You take 9 damage, and have 5/18 hp.
MASSIVE DAMAGE!!
Aim: a worm (moderately wounded)
The puff of flame hits the worm.
Aim: a worm (heavily wounded)
The puff of flame hits the worm.
Aim: a worm (severely wounded)
The puff of flame hits the worm.
You kill the worm!
The now-empty wand crumbles to dust.
You start resting.
Health restored: 18
c - a lumpy inky potion You pick up a book of Misfortune and begin reading...
You add the spells Confusing Touch, Confuse, Gell's Gravitas, Petrify, Metabolic Englaciation and Yara's Violent Unravelling to your library.
Found a stone staircase leading down.
A worm comes into view.
There is a stone staircase leading down here.
A worm is nearby!
Aim: a worm The worm struggles to resist.
Aim: a worm The bolt of negative energy hits the worm.
The worm is drained!
You kill the worm!
A rat and a goblin come into view.
There are monsters nearby!
You see here 7 gold pieces.
The helpless rat fails to defend itself.
You puncture the rat!
You kill the rat!
The goblin hits you with a club.
You take 2 damage, and have 16/18 hp.
You closely miss the goblin. The goblin hits you with a club.
You take 2 damage, and have 14/18 hp.
You miss the goblin. The goblin misses you.
You barely miss the goblin. The goblin hits you but does no damage.
You hit the goblin.
You kill the goblin!
You have reached level 4!
You regained 4 hp, and now have 18/22 hp.
MP restored: 8 You start resting.
You now have 85 gold pieces (gained 15).
You see here a rat corpse.
You now have 92 gold pieces (gained 7).
You see here 16 stones.
There is a stone staircase leading up here.
You now have 104 gold pieces (gained 12).
Found an escape hatch in the ceiling.
f - 2 rations (gained 1)
An adder comes into view.
Health restored: 22 A bullfrog skeleton comes into view.
The adder hisses angrily.
You miss the adder. The adder completely misses you.
The adder closely misses you.
Unknown command.
Aim: an adder The fireball explodes!
The fireball engulfs the adder.
You kill the adder!
You hear an angry hiss.
You hear a shout!
Aim: a bullfrog skeleton The bullfrog skeleton seems to speed up.
Aim: a bullfrog skeleton (fast)
The bullfrog skeleton looks slightly unstable.
You hit the bullfrog skeleton.
The bullfrog skeleton hits you but does no damage.
The bullfrog skeleton hits you.
A leopard gecko comes into view.
You take 6 damage, and have 16/22 hp.
MASSIVE DAMAGE!!
Aim: a bullfrog skeleton (lightly damaged, fast)
The bullfrog skeleton is unaffected.
The bullfrog skeleton disappears!
Unknown command.
Okay, then.
Unknown command.
Unknown command.
You barely miss the leopard gecko.
The leopard gecko bites you but does no damage.
You barely miss the leopard gecko. The leopard gecko bites you. x2
You take 3 damage, and have 13/22 hp.
You hit the leopard gecko but do no damage.
The leopard gecko bites you.
You take 4 damage, and have 9/22 hp.
You barely miss the leopard gecko. The leopard gecko closely misses you.
You closely miss the leopard gecko. The bullfrog skeleton misses you.
The leopard gecko bites you.
* * * LOW HITPOINT WARNING * * *
You take 4 damage, and have 5/22 hp.
Unknown command.
Aim: a bullfrog skeleton (lightly damaged, fast)
The fireball explodes!
The fireball engulfs the bullfrog skeleton.
The fireball engulfs you!
Ouch! That really hurt!
You die...

...........# #.##.......#
...........# #..#.......#
#<.........######.#.......#
#.#+#..........##.........#
#...#..........# #........#
#...#..........# #........#
##.##..........# #........#
......#.#......####.....(.#
##..#.#........Z@l........#
##.#.#############.#######
#.#.# #..# #...# ##...
##..######## ....
#(>.......# #.....
#.........# .?...
#.........# .....
#.........#


You could see a leopard gecko and a bullfrog skeleton.

Vanquished Creatures
  An adder (D:2)
  An ooze (D:2)
  3 worms (D:2)
  2 dart slugs (D:1)
  A leopard gecko (D:2)
  A ball python (D:1)
  7 bats
  A giant cockroach (D:2)
  6 goblins
  9 hobgoblins
  2 quokkas (D:2)
  2 frilled lizards
  7 kobolds
  3 rats
46 creatures vanquished.

Notes
Turn   | Place    | Note
-------+----------+-------------------------------------------
     0 | D:1      | mhoghedin the Spriggan Artificer began the quest for the Orb.
     0 | D:1      | Reached XP level 1. HP: 9/9 MP: 4/4
   175 | D:1      | Reached skill level 2 in Stealth
   345 | D:1      | Reached skill level 1 in Fighting
   352 | D:1      | Reached XP level 2. HP: 12/14 MP: 6/6
  1155 | D:1      | Reached XP level 3. HP: 18/18 MP: 7/7
  1470 | D:1      | Reached skill level 2 in Short Blades
  1765 | D:2      | Reached skill level 3 in Stealth
  1797 | D:2      | HP: 4/18 [worm (9)]
  2067 | D:2      | HP: 1/18 [kobold/short sword (6)]
  2405 | D:2      | Reached skill level 4 in Dodging
  2773 | D:2      | Reached XP level 4. HP: 18/22 MP: 8/8
  2978 | D:2      | HP: 5/22 [leopard gecko (4)]
  2979 | D:2      | Killed themself with a badly aimed fireball

Vault maps used:
D:1:      dpeg_arrival_pits, roderic_cross_of_infinity
D:2:      lightli_temple_of_fire, uniq_terence

Skill      XL: |  1  2  3 |
---------------+----------+-----
Stealth        | 2 3 |  3.5
Fighting       | 1 |  1.6
Short Blades   | 2 |  2.2
Dodging        | 4 |  4.1
Evocations     | |  4.0

Action                   |  1- 3 |  4- 6 || total
-------------------------+-------+-------++-------
Melee: Short sword       |    88 |     7 ||    95
       Dagger            |    77 |       ||    77
Evoke: Wand              |    17 |     4 ||    21
  Use: Scroll            |     3 |       ||     3
 Stab: Sleeping          |     8 |       ||     8
Armor: Robe              |    10 |     2 ||    12
Dodge: Dodged            |   104 |     4 ||   108

Table legend:
 A = Spawn XP
 B = Non-spawn XP
 C = Spawn XP percentage of total XP
 D = Spawn monster count
 E = Non-spawn monster count
 F = Spawn count percentage of total count
 G = Total turns spent on level
                    A         B        C        D         E        F      G
               +---------+---------+-------+---------+---------+-------+---------
         Total |       0 |     110 |   0.0 |       0 |      46 |   0.0 |  2979
               +---------+---------+-------+---------+---------+-------+---------
           D:1 |       0 |      47 |   0.0 |       0 |      24 |   0.0 |  1610
           D:2 |       0 |      63 |   0.0 |       0 |      22 |   0.0 |  1369
               +---------+---------+-------+---------+---------+-------+---------

Vault maps used:
D:1:      dpeg_arrival_pits, roderic_cross_of_infinity
D:2:      lightli_temple_of_fire, uniq_terence

Table legend:
 A = Turns spent in this place as a percentage of turns spent in the entire game.
 B = Non-inter-level travel turns spent in this place as a percentage of non-inter-level travel turns spent in the entire game.
 C = Inter-level travel turns spent in this place as a percentage of turns spent in this place.
 D = Turns resting spent in this place as a percentage of non-inter-level travel turns spent in this place.
 E = Turns spent auto-exploring this place as a percentage of non-inter-level travel turns spent in this place.
 F = Non-inter-level travel turns spent in this place divided by the number of levels of this place that you've seen.
                   A       B       C       D       E      F
               +-------+-------+-------+-------+-------+----------------------
         Total | 100.0 | 100.0 |   0.7 |  57.3 |  28.6 | 1479.5
       Dungeon | 100.0 | 100.0 |   0.7 |  57.3 |  28.6 | 1479.5
               +-------+-------+-------+-------+-------+----------------------

Table legend:
 A = Kills in this place as a percentage of kills in entire the game.
 B = Kills by you in this place as a percentage of kills by you in the entire game.
 C = Kills by friends in this place as a percentage of kills by friends in the entire game.
 D = Other kills in this place as a percentage of other kills in the entire game.
 E = Experience gained in this place as a percentage of experience gained in the entire game.
 F = Experience gained in this place divided by the number of levels of this place that you have seen.
                   A       B       C       D       E      F
               +-------+-------+-------+-------+-------+----------------------
         Total | 100.0 | 100.0 |   N/A |   N/A | 100.0 |  55.0
       Dungeon | 100.0 | 100.0 |   N/A |   N/A | 100.0 |  55.0
               +-------+-------+-------+-------+-------+----------------------
